 Dungeon Crawl Stone Soup version 0.27-a0-380-g150de4c316 (webtiles) character file.

Game seed: 14049409737567326071

14598 kae the Grappler (level 11, -2/94 HPs)
             Began as a Grey Draconian Transmuter on Feb 17, 2021.
             Was a Priest of Ru.
             Slain by a skeletal warrior
             ... wielding a +0 glaive
              (19 damage)
             ... on level 11 of the Dungeon.
             The game lasted 00:09:16 (15296 turns).

kae the Grappler (Grey Draconian Transmuter)       Turns: 15296, Time: 00:09:16

Health: -2/94      AC: 16    Str: 16    XL:     11   Next: 90%
Magic:  18/21      EV: 17    Int: 20    God:    Ru [***...]
Gold:   723        SH:  0    Dex: 17    Spells: 10/23 levels left

rFire    . . .     SeeInvis .     - Unarmed
rCold    . . .     Faith    .   (shield currently unavailable)
rNeg     . . .     Spirit   .   (armour unavailable)
rPois    .         Reflect  .   (helmet restricted)
rElec    +         Harm     .   u - +2 cloak
rCorr    .         Rampage  .   (gloves currently unavailable)
Will     +....                  h - +0 pair of boots of the Pink Corner {rElec Dex+6}
Stlth    ..........             (no amulet)
HPRegen  0.25/turn              p - ring of willpower
MPRegen  0.17/turn              y - +6 ring of intelligence

@: blade hands (expiring), no potions
A: walk through water, unfitting armour, unbreathing, cold-blooded, inability to
drink while threatened, no stealth, no hexes magic, no poison magic, no
summoning magic, AC +12
a: End Transformation, Renounce Religion, Draw Out Power


You were on level 11 of the Dungeon.
You worshipped Ru.
Ru was most pleased with you.
You had blades for hands.
You visited 2 branches of the dungeon, and saw 12 of its levels.

You collected 723 gold pieces.

Inventory:

Armour
 h - the +0 pair of boots of the Pink Corner (worn) {rElec Dex+6}
   (You found it on level 4 of the Dungeon)

   It affects your dexterity (+6).
   It insulates you from electricity.
 u - a +2 cloak (worn)
Jewellery
 o - a ring of fire
 p - a ring of willpower (left scythe-like blade)
 t - a ring of protection from cold
 y - a +6 ring of intelligence (right scythe-like blade)
Wands
 g - a wand of paralysis (6)
 k - a wand of flame (20)
 l - a wand of mindburst (13)
 m - a wand of iceblast (12)
Scrolls
 i - 2 scrolls of blinking
 q - 2 scrolls of fear
 r - a scroll of magic mapping
 s - a scroll of amnesia
 v - a scroll of teleportation
 z - a scroll of identify
Potions
 a - 4 potions of degeneration
 b - 5 potions of flight
 c - a potion of cancellation
 d - 3 potions of curing
 e - a potion of heal wounds
 f - a potion of attraction {unknown}
 j - a potion of mutation
 n - a potion of berserk rage {unknown}
 w - 2 potions of lignification {unknown}
 x - a potion of brilliance {unknown}


   Skills:
 + Level 7.8 Fighting
 + Level 6.9 Dodging
 * Level 10.6 Unarmed Combat
 + Level 6.7 Spellcasting
 * Level 10.3 Transmutations
 - Level 4.0 Ice Magic


You had 10 spell levels left.
You knew the following spells:

 Your Spells              Type           Power        Failure   Level
a - Beastly Appendage     Tmut           96%          8%          1
b - Spider Form           Tmut/Pois      13%          28%         3
c - Ice Form              Ice/Tmut       35%          32%         4
d - Blade Hands           Tmut           24%          28%         5

Your spell library contained the following spells:

 Spells                   Type           Power        Failure   Level
 Wereblood                Tmut           48%          9%          2
 Animate Skeleton         Necr           12%          45%         1
 Pain                     Necr           24%          45%         1
 Vampiric Draining        Necr           3%           71%         3
 Animate Dead             Necr           3%           95%         4
 Agony                    Necr           6%           99%         5


Dungeon Overview and Level Annotations

Branches:
Dungeon (11/15)            Temple (1/1) D:4
   Lair: D:8-11         Orc: D:9-12

Altars:
Ashenzari
Cheibriados
Dithmenos
Elyvilon
Fedhas
Gozag
Hepliaklqana
Kikubaaqudgha
Makhleb
Nemelex Xobeh
Okawaru
Qazlal
Ru
Sif Muna
Trog
Uskayaw
Vehumet
Wu Jian
Xom
Yredelemnul
Zin
The Shining One

Shops:
D:10 *

Annotations:
D:5 2 transporters


Innate Abilities, Weirdness & Mutations

You can walk through water.
Your dull iron-grey scales are very hard. (AC +12)
You cannot fit into any form of body armour.
You can survive without breathing.
You are cold-blooded and may be slowed by cold attacks.
You cannot drink potions while threatened.
You cannot be stealthy.
You cannot study or cast Hexes magic.
You cannot study or cast Poison magic.
You cannot study or cast Summoning magic.


Message History

You slash the skeletal warrior, but do no damage.
The skeletal warrior is severely damaged.
The skeletal warrior hits you but does no damage. x2
Your transformation is almost over.
The skeletal warrior hits you from afar with a +0 glaive!
You are too injured to fight recklessly!
You are too injured to fight recklessly!
You are too injured to fight recklessly!
You are too injured to fight recklessly!
You are too injured to fight recklessly!
You are too injured to fight recklessly!
You slash the skeletal warrior!
The skeletal warrior is almost destroyed.
The skeletal warrior closely misses you.
You barely miss the skeletal warrior.
The skeletal warrior is almost destroyed.
You slice the skeletal warrior!!
You tail-slap the skeletal warrior, but do no damage.
The skeletal warrior is heavily damaged.
The skeletal warrior hits you from afar with a +0 glaive.
The skeletal warrior hits you with a +0 short sword.
The skeletal warrior barely misses you.
You hit the skeletal warrior but do no damage.
The skeletal warrior is almost destroyed.
The skeletal warrior hits you but does no damage. x2
The skeletal warrior hits you with a +0 mace!
You slice the skeletal warrior!!
You destroy the skeletal warrior!
You slice the skeletal warrior!!
The skeletal warrior is severely damaged.
The skeletal warrior hits you but does no damage.
You slice the skeletal warrior!!
You destroy the skeletal warrior!
You barely miss the skeletal warrior.
The skeletal warrior hits you from afar with a +0 glaive!!
* * * LOW HITPOINT WARNING * * *
The skeletal warrior completely misses you.
You barely miss the skeletal warrior.
The skeletal warrior hits you from afar with a +0 glaive!!
You die...

###########
..........######
#.................#
#.............(...#
###....######.......#
.......#....'.......#####
.......#....#............
.....!.#....#...#########
.......#@...#...#.(.....#
......zz)...#...#.......#
.......#....#...#.......#
.......#....#...+.......#
.......######...#.......#
....... ........######†##
....... .................
....... ............#####
..####. #######.....#


You could see 2 skeletal warriors.

Vanquished Creatures
  Josephine (D:10)
  7 skeletal warriors
  An unseen horror (D:10)
  Pikel (D:7)
  Joseph (D:10)
  A centaur zombie (D:10)
  3 trolls
  Grinder (D:6)
  A spriggan (D:7)
  A vampire (D:10)
  5 yaks
  4 water elementals (D:10)
  5 wraiths (D:10)
  Eustachio (D:5)
  Edmund (D:6)
  A water moccasin (D:10)
  2 orc warriors
  A hornet zombie (D:8)
  7 black bears
  3 ice beasts
  A necrophage (D:9)
  2 sky beasts
  6 ogres
  2 centaurs
  2 phantoms
  A lemure (D:7)
  5 kobold brigands
  4 bullfrogs
  4 killer bees (D:11)
  9 wights
  4 howler monkeys
  2 electric eels (D:10)
  A quasit (D:10)
  2 jellies
  2 bullfrog skeletons
  6 hounds
  5 orc priests
  5 iguanas
  4 worker ants
  12 orc wizards
  A mummy (D:6)
  8 gnolls
  A howler monkey skeleton (D:4)
  8 adders
  3 white imps
  2 ufetubi (D:10)
  2 oozes
  An adder zombie (D:8)
  4 adder skeletons
  4 worms
  2 dart slugs
  5 leopard geckos
  27 orcs
  6 giant cockroaches
  4 goblins
  12 hobgoblins
  8 jackals
  5 quokkas
  A ball python (D:3)
  11 bats
  8 frilled lizards
  32 kobolds
  A quokka skeleton (D:4)
  A rat (D:1)
284 creatures vanquished.

Vanquished Creatures (others)
  A kobold (D:9)
1 creature vanquished.

Grand Total: 285 creatures vanquished

Notes
Turn   | Place    | Note
-------+----------+-------------------------------------------
     0 | D:1      | kae the Draconian Transmuter began the quest for the Orb.
     0 | D:1      | Reached XP level 1. HP: 16/16 MP: 3/3
   320 | D:1      | Reached XP level 2. HP: 18/23 MP: 3/5
  1028 | D:2      | Reached XP level 3. HP: 3/29 MP: 6/6
  1036 | D:2      | HP: 1/29 [bullfrog skeleton (7)]
  1218 | D:2      | Reached XP level 4. HP: 30/36 MP: 5/7
  1297 | D:2      | Learned a level 3 spell: Spider Form
  2487 | D:3      | Found a bloodstained altar of Trog.
  3132 | D:3      | Found a hide-covered altar of Uskayaw.
  3147 | D:3      | Reached XP level 5. HP: 41/41 MP: 5/8
  3177 | D:3      | Learned a level 4 spell: Ice Form
  3347 | D:3      | Reached skill level 1 in Poison Magic
  3518 | D:3      | Found a snail-covered altar of Cheibriados.
  4441 | D:4      | Reached XP level 6. HP: 49/49 MP: 7/9
  4494 | D:4      | Found a sacrificial altar of Ru.
  4529 | D:4      | Reached skill level 1 in Ice Magic
  4578 | D:4      | Became a worshipper of Ru the Awakened
  4729 | D:4      | Found a staircase to the Ecumenical Temple.
  4742 | D:4      | Your scales start taking on a dull iron-grey colour.
  4742 | D:4      | Reached XP level 7. HP: 41/56 MP: 7/11
  4742 | D:4      | Gained mutation: You can survive without breathing. [Grey
                  | Draconian growth]
  4743 | D:4      | Got a pair of fine boots
  4763 | Temple   | Entered the Ecumenical Temple
  5200 | D:4      | Found a blossoming altar of Fedhas.
  5200 | D:4      | Found an ancient bone altar of Kikubaaqudgha.
  5668 | D:4      | Reached skill level 5 in Unarmed Combat
  5792 | D:4      | Identified the +0 pair of boots of the Pink Corner {rElec
                  | Dex+6} (You found it on level 4 of the Dungeon)
  5820 | D:5      | Entered Level 5 of the Dungeon
  5922 | D:5      | Found a shimmering blue altar of Sif Muna.
  5923 | D:5      | Found a transporter.
  5923 | D:5      | Noticed a freezing wraith
  5924 | D:5      | Found an opulent altar of Gozag.
  5926 | D:5      | Noticed Eustachio
  5937 | D:5      | Killed Eustachio
  6000 | D:5      | Found a transporter.
  6603 | D:5      | Gained mutation: You cannot be stealthy. [Ru sacrifice]
  6733 | D:6      | Noticed Edmund
  6746 | D:6      | Killed Edmund
  6847 | D:6      | Reached XP level 8. HP: 45/63 MP: 9/12
  6975 | D:6      | Reached skill level 5 in Transmutations
  7215 | D:6      | Noticed Grinder
  7223 | D:6      | Paralysed by Grinder for 7 turns
  7237 | D:6      | Killed Grinder
  7734 | D:6      | Found a snail-covered altar of Cheibriados.
  8053 | D:6      | Found an iron altar of Okawaru.
  8305 | D:7      | Noticed Pikel
  8334 | D:7      | Killed Pikel
  8335 | D:7      | Reached XP level 9. HP: 40/72 MP: 10/15
  9183 | D:7      | Found an ornate altar of the Wu Jian Council.
  9224 | D:7      | Reached skill level 5 in Fighting
  9684 | D:7      | Learned a level 5 spell: Blade Hands
  9965 | D:8      | Gained mutation: You cannot study or cast Poison magic. [Ru
                  | sacrifice]
  9965 | D:8      | Gained mutation: You cannot study or cast Hexes magic. [Ru
                  | sacrifice]
  9965 | D:8      | Gained mutation: You cannot study or cast Summoning magic.
                  | [Ru sacrifice]
  9965 | D:8      | Reached * piety under Ru
  9965 | D:8      | Reached ** piety under Ru
 10448 | D:8      | Reached skill level 5 in Dodging
 10639 | D:8      | Reached XP level 10. HP: 81/81 MP: 12/17
 11262 | D:9      | Noticed a skeletal warrior
 11432 | D:9      | Identified the +7 hand axe of Odujeapn {drain, *Noise rN+
                  | Will+ Dex+9}
 11449 | D:9      | Reached skill level 5 in Spellcasting
 12355 | D:9      | Killed a skeletal warrior
 12356 | D:9      | Noticed a skeletal warrior
 12361 | D:9      | Noticed a skeletal warrior
 12567 | D:9      | Noticed a skeletal warrior
 12571 | D:9      | Killed a skeletal warrior
 12578 | D:9      | Killed a skeletal warrior
 12654 | D:9      | Killed a skeletal warrior
 12788 | D:9      | Noticed a skeletal warrior
 12798 | D:9      | Killed a skeletal warrior
 12799 | D:9      | Reached XP level 11. HP: 31/91 MP: 14/19
 13346 | D:10     | Entered Level 10 of the Dungeon
 13454 | D:10     | Found Kiossos's Demolitions Depot.
 13561 | D:10     | Killed an unseen horror
 13824 | D:10     | Gained mutation: You cannot drink potions while threatened.
                  | [Ru sacrifice]
 13824 | D:10     | Reached *** piety under Ru
 13876 | D:10     | Noticed Joseph
 13887 | D:10     | Killed Joseph
 14609 | D:10     | Noticed Josephine
 14612 | D:10     | Reached skill level 10 in Unarmed Combat
 14617 | D:10     | Killed Josephine
 14667 | D:10     | Reached skill level 10 in Transmutations
 15273 | D:11     | Noticed a skeletal warrior
 15277 | D:11     | Noticed a skeletal warrior
 15277 | D:11     | Noticed a skeletal warrior
 15277 | D:11     | Noticed a skeletal warrior
 15292 | D:11     | Killed a skeletal warrior
 15294 | D:11     | Killed a skeletal warrior
 15296 | D:11     | Slain by a skeletal warrior

Illustrated notes

Levels and vault maps discovered:
D:1:      dpeg_arrival_short_road, layout_rooms
D:2:      layout_loops_ring, wander_ebering_terrifying_dragon_lair
D:3:      layout_basic, general_overflow_altar, kennysheep_slug_shrine,
          nicolae_overflow_crystal_walls, st_stairs_13
D:4:      black_bear_nest_1, layout_loops_ring,
          grunt_temple_overflow_growth_and_decay, kennysheep_little_box,
          minmay_temple_entry_slanted, minivault_19
D:5:      layout_basic, gammafunk_temple_overflow_arena, uniq_eustachio
D:6:      layout_gridville, kennysheep_mini, chei_slow_surprise, uniq_grinder,
          uniq_edmund
D:7:      layout_basic, pdpol_wu_jian_five_deadly_venoms, the_bakery, uniq_pikel
D:8:      layout_gridville, hangedman_decor_clover_reticule,
          chequers_serial_rivers_micro_a
D:9:      layout_rooms
D:10:     layout_basic, serial_ice, serial_ice_e, serial_ice_m, serial_ice_a,
          serial_ice_l, nicolae_blasting_shop, nicolae_underground_beach,
          uniq_joseph, uniq_josephine
D:11:     layout_irregular_city, due_lair_maze_entry_diamond,
          david_orc_1_choice, gammafunk_ghost_nasty_kobolds, basic_altar,
          minmay_rotating_lava, uniq_maurice
Temple:   hc_temple_tempest_star

Skill      XL: |  1  2  3  4  5  6  7  8  9 10 11 |
---------------+----------------------------------+-----
Dodging        | 2 3 4 5 6 |  6.9
Fighting       | 2 3 4 5 6 7 |  7.8
Transmutations | 3 4 6 7 9 10 | 10.3
Poison Magic   | 1 2 0 |  0.0
Unarmed Combat | 4 5 6 8 9 10 | 10.6
Ice Magic      | 1 3 4 |  4.0
Spellcasting   | 3 4 5 6 |  6.7

Action                   |  1- 3 |  4- 6 |  7- 9 | 10-12 || total
-------------------------+-------+-------+-------+-------++-------
Melee: Unarmed           |    92 |   272 |   275 |   300 ||   939
       Tailslap          |     9 |    23 |     3 |    42 ||    77
       Headbutt          |     5 |    15 |       |       ||    20
       Kick              |     8 |    26 |       |       ||    34
       Punch             |       |     2 |     1 |    12 ||    15
 Cast: Beastly Appendage |    13 |    40 |       |       ||    53
       Spider Form       |       |    10 |    24 |       ||    34
       Ice Form          |       |       |    15 |     8 ||    23
       Blade Hands       |       |       |       |    29 ||    29
Invok: Sacrifice Stealth |       |       |     1 |       ||     1
       Sacrifice Arcana  |       |       |     1 |       ||     1
       Sacrifice Drink   |       |       |       |     1 ||     1
  Use: Scroll            |     3 |     2 |     6 |     5 ||    16
       Potion            |     2 |       |       |       ||     2
Armor: Skin              |    36 |    55 |    43 |    92 ||   226
Dodge: Dodged            |    74 |   179 |   174 |   177 ||   604

Table legend: (Time is in decaauts)
 A = Elapsed time spent in this place.
 B = Non-inter-level travel time spent in this place.
 C = Inter-level travel time spent in this place.
 D = Time resting spent in this place.
 E = Time spent auto-exploring this place.
 F = Levels seen in this place.
 G = Mean time per level.
                   A        B        C        D        E       F      G
               +--------+--------+--------+--------+--------+-----+--------+
         Total |  15204 |  14877 |    327 |    453 |  12533 |  12 | 1267.0 |
       Dungeon |  14943 |  14630 |    313 |    453 |  12287 |  11 | 1358.5 |
        Temple |    260 |    246 |     14 |      0 |    246 |   1 |  260.0 |
               +--------+--------+--------+--------+--------+-----+--------+

Top non-repeatable levels by time:
     D:9: 2350 daAuts
    D:10: 1765 daAuts
     D:3: 1593 daAuts
     D:7: 1526 daAuts
     D:4: 1510 daAuts
     D:2: 1492 daAuts
     D:6: 1426 daAuts
     D:8: 1267 daAuts
     D:1: 937 daAuts
     D:5: 910 daAuts
  Temple: 260 daAuts
    D:11: 162 daAuts
